 Dungeon Crawl Stone Soup version 0.29.0-4-gdea44cf6ec (webtiles) character file.

Game seed: 9107239614804817080

403 qw the Chopper (level 6, -2/35 HPs)
             Began as a Tengu Warper on Aug 28, 2022.
             Slain by an orc
             ... wielding a +1 hand axe of electrocution
              (13 damage)
             ... on level 5 of the Dungeon.
             The game lasted 00:00:25 (4596 turns).

qw the Chopper (Tengu Warper)                       Turns: 4596, Time: 00:00:25

Health: -2/35      AC: 12    Str: 14    XL:     6   Next: 86%
Magic:  10/10      EV:  5    Int: 13    God:
Gold:   189        SH:  5    Dex: 13    Spells: 9/9 levels left

rFire   . . .      SeeInvis .   Y - +1 war axe (venom)
rCold   . . .      Faith    .   (no shield)
rNeg    . . .      Spirit   .   e - +0 plate armour
rPois   .          Reflect  +   (helmet restricted)
rElec   .          Harm     .   (no cloak)
rCorr   .          Rampage  .   k - +0 pair of gloves
Will    .....                   (boots unavailable)
Stlth   ..........              i - amulet of reflection
HPRegen 0.11/turn               (no ring)
MPRegen 0.12/turn               (no ring)

@: flying quickly and evasively, quick
A: beak, talons 3, nimble flight
a: no special abilities


You were on level 5 of the Dungeon.
You visited 1 branch of the dungeon, and saw 6 of its levels.

You collected 189 gold pieces.


Innate Abilities, Weirdness & Mutations

You have a beak for a mouth.
You have claws for feet.
Your magical nature lets you fly swiftly and evasively.


   Skills:
 + Level 2.0 Fighting
 - Level 7.0 Axes
 - Level 1.0 Throwing
 - Level 3.3 Armour
 - Level 2.1 Dodging
 - Level 2.0 Spellcasting
 - Level 2.4 Translocations


You had 9 spell levels left.
You didn't know any spells.
Your spell library contained the following spells:

 Spells                   Type           Power      Damage    Failure   Level
 Blink                    Tloc           14%        N/A       100%        2
 Gell's Gravitas          Tloc           7%         N/A       100%        3
 Lesser Beckoning         Tloc           7%         N/A       100%        3
 Teleport Other           Tloc           7%         N/A       100%        3
 Manifold Assault         Tloc           7%         N/A       100%        5

Inventory:

Hand Weapons
 l - a +0 flail
 Y - a +1 war axe of venom (weapon)
Armour
 e - a +0 plate armour (worn)
 k - a +0 pair of gloves (worn)
Jewellery
 i - an amulet of reflection (around neck)
Scrolls
 a - a scroll of identify
Potions
 d - a potion of heal wounds {unknown}
 g - a potion of ambrosia {unknown}
 h - a potion of curing {unknown}
 j - a potion of brilliance {unknown}

Dungeon Overview and Level Annotations

Branches:
Dungeon (6/15)
 Temple: D:4-7

Altars:

Shops:
D:4 [


Message History

You block the ufetubus's attack. The ufetubus barely misses you.
An orc comes into view. It is wielding a +0 whip.
The orc shouts!
You slash the ufetubus!
You kill the ufetubus!
An orc comes into view.
It is wielding a +1 hand axe of electrocution.
4583 ||| Stepping ~*~*~tactically~*~*~ (stealth).
You closely miss the orc. You slash the orc!
You kill the orc!
An orc priest comes into view. It is wielding a +0 club.
The orc priest shouts!
You slash the orc!
You kill the orc!
You hear a shout!
The orc priest calls down the wrath of Beogh upon you.
Beogh smites you!
Things that are here:
a +0 whip; an orc corpse The orc priest hits you with a +0 club.
You hit the orc priest but do no damage.
The orc priest is poisoned.
Your kick misses the orc priest. Your peck misses the orc priest.
The orc priest calls down the wrath of Beogh upon you.
Pain shoots through your body!
You hit the orc priest.
The orc priest looks as sick as possible!
You claw the orc priest.
The orc priest is almost dead.
The orc priest hits you with a +0 club.
You closely miss the orc priest.
You peck the orc priest, but do no damage.
The orc priest is almost dead.
You kill the orc priest!
Your Axes skill increases to level 7!
You hit the orc.
The orc is poisoned.
Your kick misses the orc. Your peck misses the orc.
The orc is moderately wounded.
The orc hits you but does no damage. x2; You are electrocuted!
You die...

..#.#
#######.####
..........<#
#..####..###
#....)# ###.#.#.#
...^..#.##
###.#)...######.#
#.#....))@o...#
#.###...###......
##### ..... ....
... .. .


You could see an orc (very poisoned).

Vanquished Creatures
  A phantom (D:6)
  A scorpion (D:4)
  4 orc priests
  5 adders
  2 ufetubi
  2 worms
  A dart slug (D:3)
  16 orcs
  3 ball pythons
  3 endoplasms (D:3)
  A giant cockroach (D:1)
  2 goblins
  10 hobgoblins
  10 jackals
  6 kobolds
  3 quokkas
  A bat (D:1)
  3 frilled lizards
  5 rats
79 creatures vanquished.

Vanquished Creatures (others)
  6 plants
6 creatures vanquished.

Grand Total: 85 creatures vanquished

Notes
Turn   | Place    | Note
-------+----------+-------------------------------------------
     0 | D:1      | qw the Tengu Warper began the quest for the Orb.
     0 | D:1      | Reached XP level 1. HP: 12/12 MP: 4/4
     0 | D:1      | 0 ||| qw: Version: 0.1-a-89-g26bdef1
     0 | D:1      | 0 ||| qw: Game counter: 1660
     0 | D:1      | 0 ||| qw: Always use a shield: true
     0 | D:1      | 0 ||| qw: God list: Okawaru
     0 | D:1      | 0 ||| qw: Allow faded altars: false
     0 | D:1      | 0 ||| qw: Do Orc after D:15 true
     0 | D:1      | 0 ||| qw: Do second Lair branch before Depths: true
     0 | D:1      | 0 ||| qw: Lair rune preference: random
     0 | D:1      | 0 ||| qw: Plans: Normal
     0 | D:1      | 0 ||| PLANNING D:1-11
   309 | D:1      | Reached XP level 2. HP: 17/17 MP: 6/6
   370 | D:1      | 370 ||| Stepping ~*~*~tactically~*~*~ (stealth).
   374 | D:1      | Reached skill level 3 in Axes
   725 | D:1      | Found a faded altar of an unknown god.
  1106 | D:1      | 1106 ||| UPGRADING to +0 ring mail.
  1116 | D:1      | 1116 ||| DROPPING +0 leather armour.
  1117 | D:1      | 1117 ||| UPGRADING to amulet of reflection.
  1122 | D:1      | 1122 ||| READING scroll labelled MAGROECEMY.
  1126 | D:1      | 1126 ||| READING scroll labelled COCSEL LERE.
  1127 | D:1      | 1127 ||| READING scroll labelled HUJOWKIAGG.
  1128 | D:1      | 1128 ||| READING scroll labelled SEADODE LOYC CENT.
  1252 | D:1      | 1252 ||| READING scroll labelled KUHAUCOCHY.
  1253 | D:1      | 1253 ||| DROPPING scroll of blinking.
  1376 | D:2      | Reached XP level 3. HP: 20/21 MP: 7/7
  1428 | D:2      | Identified the +2 leather armour of Hopscotch {-Cast rN+++
                  | Will- rCorr Dex+8}
  1451 | D:2      | Reached skill level 4 in Axes
  1910 | D:2      | 1910 ||| UPGRADING to +2 leather armour of Hopscotch {-Cast
                  | rN+++ Will- rCorr Dex+8}.
  1920 | D:2      | 1920 ||| UPGRADING to +0 plate armour.
  1930 | D:2      | 1930 ||| DROPPING +2 leather armour of Hopscotch {-Cast
                  | rN+++ Will- rCorr Dex+8}.
  1931 | D:2      | 1931 ||| DROPPING +0 ring mail.
  1932 | D:2      | 1932 ||| DROPPING amulet of magic regeneration.
  1933 | D:2      | 1933 ||| READING scroll labelled ZOENLAHIYL.
  2088 | D:3      | 2088 ||| Stepping ~*~*~tactically~*~*~ (hiding).
  2112 | D:3      | 2112 ||| Stepping ~*~*~tactically~*~*~ (stealth).
  2113 | D:3      | 2113 ||| Stepping ~*~*~tactically~*~*~ (stealth).
  2118 | D:3      | Reached XP level 4. HP: 26/26 MP: 8/8
  2268 | D:3      | 2268 ||| SWAPPING to +0 war axe.
  2269 | D:3      | 2269 ||| DROPPING +0 hand axe.
  2311 | D:3      | 2311 ||| Stepping ~*~*~tactically~*~*~ (stealth).
  2639 | D:3      | HP: 5/26 [orc/+0 hand axe (2)]
  2640 | D:3      | 2640 ||| READING 2 scrolls of teleportation.
  2642 | D:3      | HP: 1/26 [orc/+0 falchion (3)]
  2644 | D:3      | Reached skill level 5 in Axes
  2741 | D:3      | HP: 2/26 [orc/+0 falchion (7)]
  2742 | D:3      | 2742 ||| READING scroll of teleportation.
  3083 | D:3      | Gained mutation: Your magical nature lets you fly swiftly
                  | and evasively. [Tengu growth]
  3083 | D:3      | Reached XP level 5. HP: 18/30 MP: 9/9
  3095 | D:3      | 3095 ||| FLEEEEING.
  3096 | D:3      | 3096 ||| FLEEEEING.
  3097 | D:3      | 3097 ||| FLEEEEING.
  3098 | D:3      | 3098 ||| FLEEEEING.
  3099 | D:3      | 3099 ||| FLEEEEING.
  3100 | D:3      | 3100 ||| FLEEEEING.
  3101 | D:3      | 3101 ||| FLEEEEING.
  3102 | D:3      | 3102 ||| FLEEEEING.
  3103 | D:3      | 3103 ||| FLEEEEING.
  3109 | D:3      | 3109 ||| STAIRDANCE
  3196 | D:2      | 3196 ||| UPGRADING to +0 pair of gloves.
  3201 | D:2      | 3201 ||| READING scroll labelled TAMESM JIOBIB.
  3202 | D:2      | 3202 ||| READING scroll labelled GEELUGE PAUBI.
  3203 | D:2      | 3203 ||| READING scroll labelled JISMAPA ESTEUBB.
  3389 | D:3      | 3389 ||| READING scroll labelled JIFISCH ZADIMPI.
  3483 | D:4      | Reached skill level 6 in Axes
  3530 | D:4      | You are sucked into a shaft and drop 2 floors!
  3537 | D:6      | Noticed a phantom
  3551 | D:6      | Killed a phantom
  3552 | D:6      | Reached skill level 3 in Armour
  3552 | D:6      | Reached XP level 6. HP: 22/35 MP: 10/10
  3575 | D:6      | 3575 ||| Stepping ~*~*~tactically~*~*~ (stealth).
  3584 | D:6      | 3584 ||| Stepping ~*~*~tactically~*~*~ (stealth).
  3587 | D:6      | 3587 ||| Stepping ~*~*~tactically~*~*~ (stealth).
  3590 | D:6      | 3590 ||| Stepping ~*~*~tactically~*~*~ (stealth).
  3668 | D:6      | 3668 ||| DROPPING +0 mace.
  3676 | D:6      | 3676 ||| READING 3 scrolls of identify.
  3676 | D:6      | 3676 ||| IDENTIFYING bubbling pink potion
  3677 | D:6      | 3677 ||| READING 2 scrolls of identify.
  3677 | D:6      | 3677 ||| IDENTIFYING metallic emerald potion
  3678 | D:6      | 3678 ||| DROPPING potion of lignification.
  3679 | D:6      | 3679 ||| DROPPING potion of flight.
  3688 | D:5      | Entered Level 5 of the Dungeon
  3716 | D:5      | 3716 ||| READING scroll labelled VOIKHL MOORY TEW.
  3977 | D:4      | 3977 ||| Stepping ~*~*~tactically~*~*~ (stealth).
  3979 | D:4      | 3979 ||| Stepping ~*~*~tactically~*~*~ (stealth).
  3991 | D:4      | 3991 ||| Stepping ~*~*~tactically~*~*~ (stealth).
  4324 | D:4      | Found Esiackis's Armour Emporium.
  4329 | D:4      | 4329 ||| SHOPLISTING +2 chain mail of fire resistance (236
                  | gold, have 185).
  4491 | D:5      | 4491 ||| FLEEEEING.
  4497 | D:5      | 4497 ||| STAIRDANCE
  4577 | D:5      | 4577 ||| Stepping ~*~*~tactically~*~*~ (stealth).
  4583 | D:5      | 4583 ||| Stepping ~*~*~tactically~*~*~ (stealth).
  4596 | D:5      | Reached skill level 7 in Axes
  4596 | D:5      | Slain by an orc

Levels and vault maps discovered:
D:1:      sevenhm_arrival_forest_fort_small_6, layout_basic,
          basic_ecumenical_altar
D:2:      layout_loops_cross, minmay_misc_feat_square, serial_bayou_pond_a
D:3:      layout_rooms, feat_on_display
D:4:      layout_loops_ring, serial_shops, shop
D:5:      layout_basic, nicolae_qazlal_general_emergency, jmf_multi_god_temple,
          temple_green, ebering_ghost_inner_flame, kennysheep_generic_room_16
D:6:      kennysheep_housing_project, layout_basic, minmay_misc_feat_tower,
          minmay_crystal_room

Skill      XL: |  1  2  3  4  5  6 |
---------------+-------------------+-----
Axes           | 3 4 5 6 7 |  7.0
Armour         | 2 3 |  3.3
Fighting       | |  2.0
Throwing       | |  1.0
Dodging        | |  2.1
Spellcasting   | |  2.0
Translocations | |  2.4

Action                   |  1- 3 |  4- 6 || total
-------------------------+-------+-------++-------
Melee: Hand axe          |    72 |     7 ||    79
       Kick              |    22 |    24 ||    46
       Peck              |     9 |    18 ||    27
       War axe           |       |   114 ||   114
Throw: Boomerang         |     7 |       ||     7
  Use: Scroll            |     6 |     9 ||    15
Armor: Leather armour    |    10 |       ||    10
       Plate armour      |    10 |    43 ||    53
       Ring mail         |     2 |       ||     2
Dodge: Dodged            |    35 |    27 ||    62
Block: Other             |     5 |    33 ||    38
       Reflection        |       |     1 ||     1

Table legend:
 A = Non-vault XP
 B = Vault XP
 C = Vault XP percentage of total XP
 D = Non-vault monster count
 E = Vault monster count
 F = Vault count percentage of total count
                 A         B        C        D         E       F
            +---------+---------+-------+---------+---------+-------
      Total |     577 |       0 |   0.0 |      79 |       0 |   0.0
            +---------+---------+-------+---------+---------+-------
        D:1 |      30 |       0 |   0.0 |      17 |       0 |   0.0
        D:2 |      35 |       0 |   0.0 |       5 |       0 |   0.0
        D:3 |     134 |       0 |   0.0 |      30 |       0 |   0.0
        D:4 |     172 |       0 |   0.0 |      18 |       0 |   0.0
        D:5 |      96 |       0 |   0.0 |       5 |       0 |   0.0
        D:6 |     110 |       0 |   0.0 |       4 |       0 |   0.0
            +---------+---------+-------+---------+---------+-------
